 Dungeon Crawl Stone Soup version 0.25-a0-990-g0adbbaad2a (webtiles) character file.

Game seed: 7547537902453489876, levelgen mode: deterministic

2264 Azyl the Thaumaturge (level 9, 0/46 HPs)
             Began as a Deep Elf Conjurer on May 10, 2020.
             Was a Believer of Vehumet.
             Slain by a hippogriff (7 damage)
             ... on level 6 of the Dungeon.
             The game lasted 00:29:16 (6627 turns).

Azyl the Thaumaturge (Deep Elf Conjurer)            Turns: 6627, Time: 00:29:17

Health: 0/46       AC:  3    Str:  6    XL:     9   Next: 16%
Magic:  20/26      EV: 12    Int: 25    God:    Vehumet [**....]
Gold:   152        SH:  5    Dex: 15    Spells: 23/30 levels left

rFire    . . .     SeeInvis .   h - +1 whip
rCold    . . .     Gourm    .   k - +0 buckler
rNeg     . . .     Faith    .   q - +0 leather armour
rPois    .         Spirit   .   (no helmet)
rElec    .         Reflect  .   (no cloak)
rCorr    .         Harm     .   (no gloves)
MR       .....                  (no boots)
Stlth    ++........             a - amulet of magic regeneration
HPRegen  0.15/turn              s - +2 ring of intelligence
MPRegen  0.45/turn              (no ring)

@: no status effects
A: no striking features
a: Renounce Religion


You were on level 6 of the Dungeon.
You worshipped Vehumet.
Vehumet was pleased with you.
You were not hungry.

You visited 2 branches of the dungeon, and saw 8 of its levels.
You also visited: Sewer.

You collected 249 gold pieces.
You spent 97 gold pieces at shops.

Inventory:

Hand Weapons
 e - a +0 hunting sling
 h - a +1 whip (weapon)
Missiles
 f - 148 stones
 o - 54 sling bullets (quivered)
Armour
 k - a +0 buckler (worn)
 q - a +0 leather armour (worn)
 C - quicksilver dragon scales
Jewellery
 a - an amulet of magic regeneration (around neck)
 s - a +2 ring of intelligence (left hand)
Wands
 t - a wand of digging (16)
 y - a wand of flame (22)
Scrolls
 d - 6 scrolls of teleportation
 g - 2 scrolls of remove curse
 j - 2 scrolls of fear
 x - 2 scrolls of blinking
 A - 3 scrolls of enchant armour
Potions
 b - a potion of invisibility {unknown}
 i - 4 potions of heal wounds
 l - 8 potions of curing
 m - a potion of flight {unknown}
 n - a potion of resistance
 p - a potion of mutation
 r - a potion of experience {unknown}
 v - a potion of degeneration {unknown}
 w - 2 potions of haste {unknown}
 z - a potion of lignification {unknown}
Comestibles
 c - 11 rations
 B - a chunk of flesh


   Skills:
 - Level 0.9 Fighting
 - Level 1.0 Maces & Flails
 - Level 0.1 Armour
 - Level 2.4 Dodging
 - Level 2.4 Stealth
 - Level 4.0 Shields
 + Level 11.2 Spellcasting
 + Level 7.1 Conjurations
 * Level 5.6 Hexes


You had 23 spell levels left.
You knew the following spells:

 Your Spells              Type           Power        Failure   Level  Hunger
a - Magic Dart            Conj           ####         1%          1    None
b - Searing Ray           Conj           #####.       1%          2    None
c - Fulminant Prism       Conj/Hex       #####.....   4%          4    None

Your spell library contained the following spells:

 Spells                   Type           Power        Failure   Level  Hunger
 Sandblast                Erth           ##....       7%          1    None
 Dazzling Flash           Conj/Hex       #####.       1%          3    None
 Iskenderun's Mystic Bla  Conj/Tloc      ####....     16%         4    None


Dungeon Overview and Level Annotations

Branches:
Dungeon (7/15)             Temple (1/1) D:5           Sewer (visited)

Altars:
Ashenzari
Cheibriados
Dithmenos
Fedhas
Gozag
Hepliaklqana
Kikubaaqudgha
Makhleb
Nemelex Xobeh
Okawaru
Qazlal
Ru
Sif Muna
Uskayaw
Vehumet
Wu Jian
Xom
Yredelemnul
Zin
The Shining One

Shops:
D:5 =


Message History

* * * LOW HITPOINT WARNING * * *
You climb upwards.
Reactivating autopickup.
There is a stone staircase leading down here.
Casting: Searing Ray (safe; 1% risk of failure)
Confirm with . or Enter, or press ? or * to list all spells.
Aiming: Searing Ray (safe; 1% risk of failure)
Press: ? - help, Shift-Dir - straight line, f - hippogriff
Aim: a hippogriff (heavily wounded)
The searing ray hits the hippogriff!
The hippogriff is severely wounded. (Press . to maintain the ray.)
The hippogriff bites you but does no damage.
The hippogriff closely misses you. The hippogriff barely misses you.
The searing ray hits the hippogriff!
The hippogriff is almost dead.
The hippogriff bites you.
* * * LOW HITPOINT WARNING * * *
You block the hippogriff's attack. The hippogriff claws you!
You die...

#.....#
#...#...################
#..####
#.#####)................
#..##
#...#....##.#######.####
##.#.## ###.#.##.##.#
#.# #<###.# ##...##.##.#
#.# ##.#.## #...###.##.#
#.# #..## #.### #.##.#
#.#
#..#######.#####.##.#
#.#
#..............@H...#
#.#
##.#######.#####.####
#.# #.# #.# #.# #.####
#.# #.# #.# #..... #.#
#.# #.# ###### #<# #.#
#.# #.# ###.# #.# #.#
##.#.#####.# #.#
##.#........#


You could see a hippogriff.

Vanquished Creatures
  Menkaure (D:4)
  An orc warrior (D:7)
  2 ice beasts
  A black bear (D:6)
  3 ogres
  A centaur (D:6)
  6 big kobolds (Sewer)
  A bullfrog (D:6)
  A gnoll sergeant (D:7)
  A water moccasin skeleton (D:6)
  A quasit (D:7)
  A bullfrog zombie (D:6)
  A centaur skeleton (D:4)
  3 orc priests (D:7)
  2 hounds (D:7)
  A bullfrog skeleton (D:4)
  3 orc wizards (D:7)
  4 worker ants
  An iguana (D:5)
  11 gnolls
  14 adders
  A shadow imp (D:5)
  3 oozes
  7 worms
  3 dart slugs (D:1)
  4 leopard geckos
  15 orcs
  4 ball pythons
  5 bats
  A giant cockroach (D:4)
  6 goblins
  7 hobgoblins
  12 kobolds
  4 quokkas
  A ball python zombie (D:5)
  5 frilled lizards
  5 rats
143 creatures vanquished.

Notes
Turn   | Place    | Note
-------+----------+-------------------------------------------
     0 | D:1      | Azyl the Deep Elf Conjurer began the quest for the Orb.
     0 | D:1      | Reached XP level 1. HP: 10/10 MP: 6/6
   294 | D:1      | Reached XP level 2. HP: 15/15 MP: 2/8
   345 | D:1      | Reached skill level 5 in Conjurations
   420 | D:1      | Learned a level 2 spell: Searing Ray
   981 | D:2      | Reached XP level 3. HP: 19/19 MP: 6/9
  1011 | D:2      | Found a sparkling altar of Nemelex Xobeh.
  1412 | D:2      | Reached XP level 4. HP: 24/24 MP: 6/10
  1438 | D:2      | Reached skill level 1 in Maces & Flails
  1863 | D:3      | Reached skill level 4 in Spellcasting
  1867 | D:3      | Reached XP level 5. HP: 28/28 MP: 0/13
  2295 | D:3      | Learned a level 4 spell: Fulminant Prism
  2310 | D:3      | Found a hazy altar of Hepliaklqana.
  2319 | D:3      | Found a shadowy altar of Dithmenos.
  2319 | D:3      | Noticed a shadow
  2332 | D:3      | Found an iron altar of Okawaru.
  2336 | D:3      | Found a sacrificial altar of Ru.
  2641 | D:4      | Reached skill level 5 in Spellcasting
  2669 | D:4      | Reached skill level 1 in Hexes
  2955 | D:4      | Reached XP level 6. HP: 33/33 MP: 12/16
  3108 | D:4      | Reached skill level 6 in Spellcasting
  3231 | D:4      | Noticed Menkaure
  3235 | D:4      | Killed Menkaure
  3477 | D:4      | Found an ornate altar of the Wu Jian Council.
  3512 | D:4      | Found a basalt altar of Yredelemnul.
  3625 | D:4      | Reached skill level 7 in Spellcasting
  3750 | D:4      | Reached XP level 7. HP: 15/37 MP: 12/19
  4110 | D:5      | Entered Level 5 of the Dungeon
  4277 | D:5      | Found Waypeill's Jewellery Emporium.
  4281 | D:5      | Bought a +2 ring of intelligence for 97 gold pieces
  4530 | D:5      | Found a staircase to the Ecumenical Temple.
  4543 | Temple   | Entered the Ecumenical Temple
  4556 | Temple   | Became a worshipper of Vehumet
  4728 | D:6      | Reached skill level 1 in Shields
  4822 | D:6      | Reached skill level 8 in Spellcasting
  4894 | D:6      | Found a glowing silver altar of Zin.
  4894 | D:6      | Found a shimmering altar of Xom.
  4894 | D:6      | Noticed an angel
  5037 | D:6      | Reached skill level 9 in Spellcasting
  5257 | D:6      | Reached XP level 8. HP: 42/42 MP: 15/23
  5426 | D:6      | Found a glowing drain.
  5455 | Sewer    | Entered a sewer
  5729 | Sewer    | Reached * piety under Vehumet
  5729 | Sewer    | Offered knowledge of Shock by Vehumet.
  6060 | Sewer    | Reached skill level 10 in Spellcasting
  6370 | D:7      | Reached skill level 5 in Hexes
  6477 | D:7      | Reached ** piety under Vehumet
  6477 | D:7      | Reached XP level 9. HP: 46/46 MP: 14/25
  6481 | D:7      | Offered knowledge of Sandblast by Vehumet.
  6604 | D:7      | Reached skill level 11 in Spellcasting
  6627 | D:6      | Slain by a hippogriff

Illustrated notes

Levels and vault maps discovered:
D:1:      minmay_arrival_open_corners, layout_rooms, st_stairs_3,
          dk_noncrumbling_3
D:2:      layout_basic, nemelex_diamond_rough_becter
D:3:      layout_basic, riverfiend_overflow_shadow_ancestor,
          grunt_temple_overflow_open, first_ration
D:4:      layout_loops_cross, nicolae_overflow_hidden_temple,
          chequers_serial_rivers_room_a, minmay_misc_feat_ornament,
          uniq_menkaure
D:5:      layout_gridville, minmay_temple_entry_trees, serial_shops, shop
D:6:      layout_loops_ring, grunt_temple_overflow_order_and_chaos_1,
          cheibrodos_sewer_entry_sluice
D:7:      layout_rooms, tgw_trog, grunt_livestock
Temple:   nicolae_temple_x_marks_the_god

Skill      XL: |  1  2  3  4  5  6  7  8  9 |
---------------+----------------------------+-----
Conjurations   | 5 6 7 |  7.1
Maces & Flails | 1 |  1.0
Spellcasting   | 4 5 7 9 10 11 | 11.2
Hexes          | 2 3 4 5 |  5.6
Shields        | 2 4 |  4.0
Fighting       | |  0.9
Armour         | |  0.1
Dodging        | |  2.4
Stealth        | |  2.4

Action                   |  1- 3 |  4- 6 |  7- 9 || total
-------------------------+-------+-------+-------++-------
Melee: Whip              |    11 |     6 |       ||    17
 Fire: Hunting sling     |     2 |       |       ||     2
 Cast: Magic Dart        |    51 |    67 |   128 ||   246
       Searing Ray       |     2 |    10 |    42 ||    54
  Use: Scroll            |       |     9 |     4 ||    13
 Stab: Sleeping          |     1 |       |       ||     1
  Eat: Chunk             |     1 |     6 |     4 ||    11
       Ration            |       |     1 |     1 ||     2
Armor: Robe              |     4 |       |       ||     4
       Leather armour    |       |       |     4 ||     4
Dodge: Dodged            |    12 |     9 |    18 ||    39
Block: Buckler           |       |       |     7 ||     7

Table legend:
 A = Non-vault XP
 B = Vault XP
 C = Vault XP percentage of total XP
 D = Non-vault monster count
 E = Vault monster count
 F = Vault count percentage of total count
                 A         B        C        D         E       F
            +---------+---------+-------+---------+---------+-------
      Total |    2352 |     883 |  27.3 |     109 |      34 |  23.8
            +---------+---------+-------+---------+---------+-------
        D:1 |      35 |       2 |   5.4 |      15 |       2 |  11.8
        D:2 |     116 |       0 |   0.0 |      19 |       0 |   0.0
        D:3 |     111 |       0 |   0.0 |      16 |       0 |   0.0
        D:4 |     322 |     169 |  34.4 |      14 |       1 |   6.7
        D:5 |     176 |       0 |   0.0 |       5 |       0 |   0.0
        D:6 |     769 |       8 |   1.0 |      15 |       3 |  16.7
        D:7 |     823 |       0 |   0.0 |      25 |       0 |   0.0
      Sewer |       0 |     704 | 100.0 |       0 |      28 | 100.0
            +---------+---------+-------+---------+---------+-------
